 Dungeon Crawl Stone Soup version 0.31-a0-174-g85c54bcb58 (webtiles) character file.

Game seed: 14590856765064269651

6 jasper the Charlatan (level 1, -3/9 HPs)
             Began as a Spriggan Artificer on June 15, 2023.
             Slain by a kobold
             ... wielding a +0 short sword
              (4 damage)
             ... on level 1 of the Dungeon.
             The game lasted 00:00:46 (423 turns).

jasper the Charlatan (Spriggan Artificer)            Turns: 423, Time: 00:00:47

Health: -3/9       AC:  2    Str:  8    XL:     1   Next: 75%
Magic:  2/2        EV: 17    Int: 12    God:
Gold:   26         SH:  0    Dex: 15    Spells: 0/0 levels left

rFire   . . .        k - +0 dagger
rCold   . . .        (no shield)
rNeg    . . .        b - +0 robe
rPois   .            (helmet restricted)
rElec   .            (no cloak)
rCorr   .            (gloves unavailable)
SInv    +            (boots unavailable)
Will    .....        (no amulet)
Stlth   ++           (no ring)
HPRegen 0.21/turn    (no ring)
MPRegen 0.08/turn

%: no passive effects
@: very quick
A: very small, no large weapons, unfitting armour, see invisible, speed 3
a: no special abilities


You were on level 1 of the Dungeon.
You visited 1 branch of the dungeon, and saw 1 of its levels.

You collected 26 gold pieces.

Inventory:

Hand Weapons
 a - a +0 club
 i - a +0 flail
 k - a +0 dagger (weapon)
Missiles
 f - 2 poisoned darts
Armour
 b - a +0 robe (worn)
Wands
 c - a wand of flame (15) (quivered)
 d - a wand of charming (15)
 e - a wand of iceblast (5)
Scrolls
 l - a scroll of identify {unknown}
Potions
 g - a potion of might {unknown}
 h - a potion of curing {unknown}
 j - a potion of lignification {unknown}


   Skills:
 - Level 0.7 Fighting
 + Level 0.0 Short Blades
 - Level 3.2 Dodging
 + Level 3.0 Stealth
 - Level 4.0 Evocations


You couldn't memorise any spells.
You didn't know any spells.
Your spell library was empty.

Dungeon Overview and Level Annotations

Branches:
Dungeon (1/15)

Altars:

Shops:
D:1 [


Innate Abilities, Weirdness & Mutations

You are very small and have problems with some larger weapons.
You are too small for most types of armour.
You have supernaturally acute eyesight. (SInv)
You cover ground extremely quickly. (Speed+++)


Message History

The ball python closely misses you. The ball python constricts you.
You hit the ball python.
The ball python is severely wounded.
The ball python completely misses you. The ball python constricts you.
The ball python closely misses you. The ball python constricts you.
You take 1 damage, and have 7/9 hp.
You hit the ball python.
You kill the ball python!
Your Stealth skill increases to level 3!
You see here a ball python corpse.
You see here a +0 dagger.
k - a +0 dagger Health restored: 9
k - a +0 dagger (weapon)
Setting a skill training target for Short Blades at 10.0.
l - a scroll labelled MOFEPSYFRE You enter the shallow water.
Moving in this stuff is going to be slow.
Found a pair of boots.
Found a faded altar of an unknown god.
A kobold comes into view. It is wielding a +0 short sword.
Found Pupp's Antique Armour Shoppe.
Found 8 gold pieces.
The kobold shouts!
You barely miss the kobold.
The kobold hits you with a +0 short sword.
You take 1 damage, and have 8/9 hp.
You barely miss the kobold.
The kobold hits you with a +0 short sword.
You take 1 damage, and have 7/9 hp.
You hit the kobold but do no damage.
The kobold hits you with a +0 short sword.
You take 3 damage, and have 4/9 hp.
MASSIVE DAMAGE!!
You barely miss the kobold.
The kobold hits you with a +0 short sword.
* * * LOW HITPOINT WARNING * * *
You take 3 damage, and have 1/9 hp.
MASSIVE DAMAGE!!
You hit the kobold.
The kobold is heavily wounded.
The kobold hits you with a +0 short sword.
You die...

#.#
#.##.......####
#.#
#.##...[.......
#.#
#.#########.###
#####.####.#
#.#
...........#
#.#
#.....∩...##
#†# #.........#
#.# #.........#
..# #......@..#
#### #
#......K..# #
#.........# #
#....$....# #
#.........# #
#.........+ #
#.........#
##+########


You could see a kobold.

Vanquished Creatures
  A ball python (D:1)
  An endoplasm (D:1)
  A goblin (D:1)
  A quokka (D:1)
  A rat (D:1)
5 creatures vanquished.

Notes
Turn   | Place    | Note
-------+----------+-------------------------------------------
     0 | D:1      | jasper the Spriggan Artificer began the quest for the Orb.
     0 | D:1      | Reached XP level 1. HP: 9/9 MP: 2/2
   378 | D:1      | Found a faded altar of an unknown god.
   413 | D:1      | Found Pupp's Antique Armour Shoppe.
   423 | D:1      | Slain by a kobold

Illustrated notes

Levels and vault maps discovered:
D:1:      dpeg_arrival_pits, layout_basic, nicolae_ecumenical_lake_church,
          serial_shops, shop

Skill      XL: |  1 |
---------------+----+-----
Stealth        | 3 |  3.0
Fighting       | |  0.7
Dodging        | |  3.2
Evocations     | |  4.0

Action                     || total
---------------------------++-------
  Melee: Flail             ||    17
         Dagger            ||     5
         Punch             ||     1
  Throw: Dart              ||     2
   Stab: Sleeping          ||     1
  Dodge: Dodged            ||    21

Table legend: (Time is in decaauts)
 A = Elapsed time spent in this place.
 B = Non-inter-level travel time spent in this place.
 C = Inter-level travel time spent in this place.
 D = Time resting spent in this place.
 E = Time spent auto-exploring this place.
 F = Levels seen in this place.
 G = Mean time per level.
                   A        B        C        D        E       F      G
               +--------+--------+--------+--------+--------+-----+--------+
         Total |    301 |    301 |      0 |     51 |    168 |   1 |  301.0 |
       Dungeon |    301 |    301 |      0 |     51 |    168 |   1 |  301.0 |
               +--------+--------+--------+--------+--------+-----+--------+

Top non-repeatable levels by time:
     D:1: 301 daAuts
